 Dungeon Crawl Stone Soup version 0.27.0-1-g7a089689b8 (webtiles) character file.

Game seed: 14399263764373786792

1442 Dann the Ruffian (level 8, 0/75 HPs)
             Began as a Troll Berserker on Aug 9, 2021.
             Was a Priest of Trog.
             Slain by a nine-headed hydra (10 damage)
             ... on level 7 of the Dungeon.
             The game lasted 00:13:31 (4483 turns).

Dann the Ruffian (Troll Berserker)                  Turns: 4483, Time: 00:13:31

Health: 0/75       AC:  7    Str: 28    XL:     8   Next: 46%
Magic:  7/7        EV:  7    Int:  3    God:    Trog [***...]
Gold:   297        SH: 15    Dex:  9    Spells: 7/7 levels left

rFire    . . .     SeeInvis .     - Unarmed
rCold    . . .     Faith    .   f - +0 tower shield
rNeg     + . .     Spirit   .   q - +1 robe {rN+}
rPois    .         Reflect  .   m - +1 hat
rElec    .         Harm     .   e - +0 cloak
rCorr    .         Rampage  .   (gloves unavailable)
Will     ++...                  (boots unavailable)
Stlth    +.........             b - amulet of the acrobat
HPRegen  2.22/turn              (no ring)
MPRegen  0.10/turn              (no ring)

@: strong-willed, regenerating
A: large, unfitting armour, claws 3, regeneration 1, shaggy fur 1, tough skin 1
a: Renounce Religion, Berserk, Trog's Hand


You were on level 7 of the Dungeon.
You worshipped Trog.
Trog was most pleased with you.
You visited 1 branch of the dungeon, and saw 7 of its levels.

You collected 297 gold pieces.

Inventory:

Armour
 a - a +0 animal skin
 e - a +0 cloak (worn)
 f - a +0 tower shield (worn)
 m - a +1 hat (worn)
 q - a +1 robe of positive energy (worn)
Jewellery
 b - an amulet of the acrobat (around neck)
 k - an amulet of magic regeneration
 s - an amulet of reflection
Wands
 j - a wand of iceblast (10)
Scrolls
 c - a scroll of summoning {unknown}
 g - a scroll of magic mapping {unknown}
 i - 2 scrolls of fear {unknown}
 l - 6 scrolls of identify {unknown}
 p - a scroll of holy word {unknown}
Potions
 d - a potion of invisibility {unknown}
 h - 2 potions of might {unknown}
 n - 3 potions of brilliance {unknown}
 o - a potion of resistance {unknown}
 r - a potion of degeneration {unknown}
 t - a potion of attraction {unknown}


   Skills:
 + Level 3.3 Fighting
 + Level 5.0 Dodging
 + Level 0.6 Stealth
 + Level 4.4 Shields
 + Level 7.0 Unarmed Combat


You had 7 spell levels left.
You didn't know any spells.
Your spell library contained the following spells:

 Spells                   Type           Power      Damage    Failure   Level
 Static Discharge         Conj/Air       0%         N/A       100%        2
 Dispel Undead            Necr           0%         3d6       100%        4
 Sticky Flame             Conj/Fire      0%         2d3       100%        4
 Summon Lightning Spire   Summ/Air       0%         N/A       100%        4
 Storm Form               Tmut/Air       0%         N/A       100%        7
 Maxwell's Capacitive Co  Air            0%         ∞         100%        8


Dungeon Overview and Level Annotations

Branches:
Dungeon (7/15)             Temple (0/1) D:6

Altars:
Hepliaklqana
Makhleb
Qazlal
Sif Muna
Trog
Vehumet
Wu Jian
Xom
Zin
The Shining One


Innate Abilities, Weirdness & Mutations

You are too large for most types of armour.
You have claws for hands.
Your natural rate of healing is unusually fast.
You are covered in fur. (AC +1)
You have tough skin. (AC +1)


Message History

The six-headed hydra completely misses you.
You claw one of the six-headed hydra's heads off!
The five-headed hydra grows two more!
You claw the seven-headed hydra!
The seven-headed hydra is moderately wounded.
The seven-headed hydra bites you.
You block the seven-headed hydra's attack.
The seven-headed hydra bites you but does no damage.
The seven-headed hydra closely misses you.
The seven-headed hydra bites you!
The seven-headed hydra bites you but does no damage.
You block the seven-headed hydra's attack.
You rip one of the seven-headed hydra's heads off!
The six-headed hydra grows two more!
You scratch the eight-headed hydra.
The eight-headed hydra is lightly wounded.
You block the eight-headed hydra's attack. x2
The eight-headed hydra bites you but does no damage.
The eight-headed hydra barely misses you.
The eight-headed hydra closely misses you.
The eight-headed hydra bites you!
You block the eight-headed hydra's attack.
The eight-headed hydra bites you but does no damage.
You rip one of the eight-headed hydra's heads off!
The seven-headed hydra grows two more!
You mangle the nine-headed hydra!!
The nine-headed hydra is moderately wounded.
You block the nine-headed hydra's attack.
The nine-headed hydra bites you. x2
You block the nine-headed hydra's attack.
The nine-headed hydra bites you.
The nine-headed hydra bites you but does no damage. x2
The nine-headed hydra barely misses you.
The nine-headed hydra bites you!
Your skin crawls.
You feel strong-willed. The nine-headed hydra bites you.
The nine-headed hydra bites you!
* * * LOW HITPOINT WARNING * * *
The nine-headed hydra bites you!
* * * LOW HITPOINT WARNING * * *
You block the nine-headed hydra's attack.
The nine-headed hydra bites you!
You die...

..# ..# ###
..# ##.##..#
##...#..#
#.##.......#
#...(D@....#
.........<..#
######...####
##.## ###


You could see a nine-headed hydra.

Vanquished Creatures
  A kobold demonologist (D:5)
  Sigmund (D:6)
  A water moccasin (D:6)
  2 black bears
  A centaur (D:6)
  A phantom (D:5)
  2 scorpions
  4 hounds
  An orc priest (D:5)
  2 iguanas
  A killer bee zombie (D:5)
  2 hound zombies
  10 adders
  A white imp (D:6)
  An ufetubus (D:4)
  An adder skeleton (D:4)
  A worm (D:2)
  4 dart slugs
  9 orcs
  7 ball pythons
  6 endoplasms
  4 giant cockroaches
  4 goblins
  10 hobgoblins
  5 jackals
  6 kobolds
  6 quokkas
  5 bats
  A frilled lizard (D:2)
  6 rats
106 creatures vanquished.

Notes
Turn   | Place    | Note
-------+----------+-------------------------------------------
     0 | D:1      | Dann the Troll Berserker began the quest for the Orb.
     0 | D:1      | Reached XP level 1. HP: 22/22 MP: 0/0
    85 | D:1      | Reached XP level 2. HP: 27/29 MP: 1/1
   108 | D:1      | Found a faded altar of an unknown god.
   724 | D:2      | Reached XP level 3. HP: 36/36 MP: 2/2
  1024 | D:2      | Reached ** piety under Trog
  1319 | D:2      | Reached XP level 4. HP: 32/44 MP: 3/3
  1579 | D:3      | Reached skill level 4 in Unarmed Combat
  1678 | D:3      | Noticed a scorpion
  1683 | D:3      | Killed a scorpion
  1684 | D:3      | Reached skill level 1 in Shields
  1684 | D:3      | Reached XP level 5. HP: 40/53 MP: 4/4
  2300 | D:4      | Reached *** piety under Trog
  2352 | D:4      | Reached XP level 6. HP: 61/61 MP: 5/5
  2966 | D:5      | Entered Level 5 of the Dungeon
  3001 | D:5      | Reached skill level 5 in Unarmed Combat
  3201 | D:5      | Found a burning altar of Makhleb.
  3201 | D:5      | Found a stormy altar of Qazlal.
  3287 | D:5      | Reached XP level 7. HP: 67/67 MP: 6/6
  3302 | D:5      | Found a glowing golden altar of the Shining One.
  3476 | D:5      | Found a shimmering altar of Xom.
  3477 | D:5      | Found an ornate altar of the Wu Jian Council.
  3478 | D:5      | Found a hazy altar of Hepliaklqana.
  3479 | D:5      | Found a bloodstained altar of Trog.
  3680 | D:5      | Found a shimmering blue altar of Sif Muna.
  3799 | D:6      | Noticed a kobold demonologist
  3802 | D:6      | Noticed a soul eater
  3868 | D:5      | Noticed a hellwing
  3869 | D:5      | Killed a kobold demonologist
  3870 | D:5      | Reached skill level 6 in Unarmed Combat
  3911 | D:6      | Noticed Sigmund
  3921 | D:6      | Killed Sigmund
  3957 | D:6      | Reached XP level 8. HP: 75/75 MP: 7/7
  4060 | D:6      | Found a glowing silver altar of Zin.
  4094 | D:6      | Found a radiant altar of Vehumet.
  4181 | D:6      | Reached skill level 5 in Dodging
  4181 | D:6      | Reached skill level 7 in Unarmed Combat
  4228 | D:6      | Found a staircase to the Ecumenical Temple.
  4477 | D:7      | Noticed a six-headed hydra
  4483 | D:7      | Slain by a nine-headed hydra

Illustrated notes

Levels and vault maps discovered:
D:1:      dpeg_arrival_rooms_a, layout_loops_ring,
          ebering_ecumenical_altar_sacrificial, minivault_25
D:2:      layout_loops_corners
D:3:      layout_basic
D:4:      layout_cave_pods, minmay_bent
D:5:      layout_basic, mainiacjoe_overflow_alcove_3,
          nicolae_overflow_hidden_temple, lemuel_doored_altar,
          chequers_mini_garden
D:6:      layout_rooms, mainiacjoe_overflow_catwalk,
          mainiacjoe_overflow_24_doors, minmay_temple_entry_mist,
          item_on_display_a, uniq_sigmund
D:7:      kennysheep_windowed_halls, layout_loops_ring, kennysheep_mini,
          uniq_maggie

Skill      XL: |  1  2  3  4  5  6  7  8 |
---------------+-------------------------+-----
Fighting       | 3 |  3.3
Dodging        | 3 4 5 |  5.0
Unarmed Combat | 4 5 6 7 |  7.0
Shields        | 1 2 3 4 |  4.4
Stealth        | |  0.6

Action                   |  1- 3 |  4- 6 |  7- 9 || total
-------------------------+-------+-------+-------++-------
Melee: Unarmed           |   119 |   160 |    73 ||   352
       Punch             |     1 |       |       ||     1
Invok: Trog's Hand       |       |       |     1 ||     1
Armor: Animal skin       |    30 |    40 |     8 ||    78
       Robe              |       |       |    29 ||    29
Dodge: Dodged            |    34 |    42 |    19 ||    95
Block: Tower shield      |    45 |   145 |    65 ||   255
